 Dungeon Sprint DCSS version 0.23-a0-109-g5e4b187 (webtiles) character file.

8770 emperorscorpion the Eclecticist (level 11, -6/78 HPs)
             Began as an Octopode Air Elementalist on Aug 22, 2018.
             Was a High Priest of Sif Muna.
             Mangled by an orc warrior
             ... wielding a +0 dire flail
              (24 damage)
             ... in the Dungeon (Sprint IX: "|||||||||||||||||||||||||||||").
             The game lasted 00:12:18 (1159 turns).

emperorscorpion the Eclecticist (OpAE)              Turns: 1159, Time: 00:12:19

Health: -6/78      AC:  1    Str:  9    XL:     11   Next: 36%
Magic:  28/30      EV: 16    Int: 22    God:    Sif Muna [*****.]
Gold:   681        SH:  0    Dex: 16    Spells: 20/40 levels left

rFire    . . .     SeeInvis .   a - staff of energy
rCold    . . .     Gourm    .   (no shield)
rNeg     . . .     Faith    .   (helmet restricted)
rPois    +         Spirit   .   (no amulet)
rElec    .         Reflect  .   o - +3 ring of dexterity
rCorr    .         Harm     .   p - +3 ring of intelligence
MR       .....     NoTele   +   r - ring of poison resistance
Stlth    +++.......             (no ring)
HPRegen  0.23/turn              (no ring)
MPRegen  0.22/turn              (no ring)
                                (no ring)
                                (no ring)

@: divine energy
A: almost no armour, stealthy swim, amphibious, 8 rings, constrict 8, camouflage
1, gelatinous body 1
a: Stop Divine Energy, Channel Magic, Forget Spell, Renounce Religion


You were in the Dungeon.
You worshipped Sif Muna.
Sif Muna was extremely pleased with you.
You were hungry.

You visited 1 branch You collected 681 gold pieces.

Inventory:

Hand Weapons
 b - a +2 morningstar of protection
 m - a +0 dagger
Magical Staves
 a - an uncursed staff of energy (weapon)
Jewellery
 o - a +3 ring of dexterity (left tentacle)
 p - a +3 ring of intelligence (right tentacle)
 r - a ring of poison resistance (on tentacle)
Wands
 l - a wand of acid (7)
Scrolls
 h - 3 scrolls of blinking
 j - 3 scrolls of remove curse
 k - 2 scrolls of amnesia
 s - a scroll of fog
 t - 2 scrolls of enchant weapon
 u - 2 scrolls of enchant armour
 w - a scroll of immolation
Potions
 c - 7 potions of curing
 d - 5 potions of heal wounds
 e - 2 potions of haste
 f - 4 potions of magic
 g - a potion of invisibility
 i - a potion of berserk rage
 q - a potion of brilliance
Comestibles
 n - 12 rations


   Skills:
 * Level 8.5 Fighting
 + Level 5.2 Dodging
 - Level 2.6 Stealth
 + Level 15.0 Spellcasting
 + Level 8.0 Conjurations
 * Level 4.8 Charms
 + Level 13.4 Air Magic
 * Level 11.7 Invocations


You had 20 spell levels left.
You knew the following spells:

 Your Spells              Type           Power        Failure   Level  Hunger
a - Shock                 Conj/Air       ####         1%          1    None
b - Swiftness             Chrm/Air       ######..     1%          2    None
c - Airstrike             Air            ######....   1%          4    None
d - Lightning Bolt        Conj/Air       ######....   1%          5    None
e - Mephitic Cloud        Conj/Pois/Air  #####...     1%          3    None
f - Spectral Weapon       Hex/Chrm       ####....     4%          3    None
B - Blink                 Tloc           N/A          5%          2    None

Your spell library contained the following spells:

 Spells                   Type           Power        Failure   Level  Hunger
 Magic Dart               Conj           ####         1%          1    None
 Searing Ray              Conj           ######       1%          2    None
 Conjure Flame            Conj/Fire      ####....     1%          3    None
 Dazzling Spray           Conj/Hex       ####..       1%          3    None
 Static Discharge         Conj/Air       ######..     1%          3    None
 Stone Arrow              Conj/Erth      ####..       1%          3    None
 Iskenderun's Mystic Bla  Conj           ######..     1%          4    None
 Pain                     Necr           ###.         3%          1    None
 Sandblast                Erth           ###...       3%          1    None
 Call Imp                 Summ           ###.....     5%          2    None
 Ensorcelled Hibernation  Hex/Ice        ###...       5%          2    None
 Passwall                 Tmut/Erth      ###.....     5%          2    None
 Slow                     Hex            ###.....     5%          2    None
 Silence                  Hex/Air        #####.....   6%          5    None
 Force Lance              Conj/Tloc      ####....     7%          4    None
 Fulminant Prism          Conj/Hex       ####......   7%          4    None
 Summon Guardian Golem    Hex/Summ       ###.....     11%         3    None
 Bolt of Magma            Conj/Fire/Erth ####......   32%         5    None
 Cause Fear               Hex            ###.......   34%         4    None
 Petrify                  Tmut/Erth      ###.....     34%         4    None
 Lee's Rapid Deconstruct  Erth           ###.......   69%         5    None
 Summon Mana Viper        Hex/Summ       ###.....     69%         5    None
 Yara's Violent Unravell  Hex/Tmut       ###.......   69%         5    None
 Bolt of Fire             Conj/Fire      ####......   71%         6    None
 Invisibility             Hex            ###.....     99%         6    None
 Ring of Flames           Chrm/Fire      ####......   100%        7    None


Dungeon Overview and Level Annotations

Branches:
Dungeon (1/1)

Altars:
Cheibriados
Dithmenos
Elyvilon
Fedhas
Gozag
Hepliaklqana
Kikubaaqudgha
Makhleb
Nemelex Xobeh
Okawaru
Qazlal
Ru
Sif Muna
Trog
Uskayaw
Vehumet
Wu Jian
Xom
Yredelemnul
Zin
The Shining One
Beogh
Jiyva
Lugonu


Innate Abilities, Weirdness & Mutations

You cannot wear most types of armour.
You are very stealthy in the water. (Stealth+)
You are amphibious.
You can wear up to eight rings at the same time.
You can use your tentacles to constrict eight enemies at once.
Your skin changes colour to match your surroundings (Stealth+).
Your rubbery body absorbs attacks. (AC +1, EV +1)


Message History

The orc warrior closely misses you.
The orc warrior hits you from afar with a halberd!
* * * LOW HITPOINT WARNING * * *
Unknown command.
Unknown command.
Casting: Lightning Bolt (safe; 1% risk of failure)
Confirm with . or Enter, or press ? or * to list all spells.
Aiming: Lightning Bolt (safe; 1% risk of failure)
Press: ? - help, Shift-Dir - straight line, f/p - orc warrior
Aim: an orc warrior, wielding a dire flail and wearing a chain mail (almost dead)
You hear a mighty clap of thunder!
The bolt of lightning hits the orc warrior.
The orc warrior appears unharmed.
The orc warrior is almost dead.
The bolt of lightning misses the orc warrior.
The bolt of lightning hits the orc warrior.
The orc warrior is heavily wounded.
You feel less invigorated.
The orc warrior hits you with a dire flail!!
You die...

'.[...'________________________'.
▓▓▓▓▓▓▓▓▓▓▓▓▓▓▓▓▓▓▓▓▓▓▓▓▓▓▓▓▓▓▓▓▓
.................................
▓▓▓▓▓▓▓▓▓▓▓▓▓▓▓▓▓▓▓▓▓▓▓▓▓▓▓▓▓▓▓▓▓
...........†.÷.†÷...††.††......'.
▓▓▓▓▓▓▓▓▓▓▓▓▓▓▓▓▓▓▓▓▓▓▓▓▓▓▓▓▓▓▓▓▓
.....................÷)..........
▓▓▓▓▓▓▓▓▓▓▓▓▓▓▓▓▓▓▓▓▓▓▓▓▓▓▓▓▓▓▓▓▓
.))).).)).).....@oo$)oo$
▓▓▓▓▓▓▓▓▓▓▓▓▓▓▓▓▓▓▓▓▓▓▓▓


You could see 4 orc warriors.

Vanquished Creatures
  2 hydras (D)
  A tengu warrior (D)
  An orc knight (D)
  8 elephants (D)
  2 spiny frogs (D)
  A komodo dragon (D)
  A blink frog (D)
  A yak (D)
  Grum (D)
  A soldier ant (D)
  5 porcupines (D)
  3 water moccasins (D)
  6 orc warriors (D)
  An ice beast (D)
  A phantom (D)
  An eye of draining (D)
  4 wolves (D)
  2 crocodiles (D)
  A bullfrog (D)
  2 scorpions (D)
  A killer bee (D)
  A wight (D)
  A crimson imp (D)
  2 hounds (D)
  2 orc priests (D)
  2 orc wizards (D)
  An adder (D)
  7 orcs (D)
  2 giant cockroaches (D)
  A goblin (D)
  A hobgoblin (D)
  2 frilled lizards (D)
68 creatures vanquished.

Notes
Turn   | Place    | Note
-------+----------+-------------------------------------------
     0 | D        | emperorscorpion the Octopode Air Elementalist began the quest for the Orb.
     0 | D        | Reached XP level 1. HP: 11/11 MP: 3/3
     5 | D        | Reached skill level 3 in Spellcasting
    60 | D        | Noticed a crimson imp
    60 | D        | Noticed a phantom
    60 | D        | Noticed a scorpion
    61 | D        | Reached skill level 4 in Spellcasting
    61 | D        | Reached XP level 2. HP: 17/17 MP: 5/7
    68 | D        | Killed a crimson imp
    68 | D        | Reached skill level 6 in Spellcasting
    68 | D        | Reached XP level 3. HP: 21/21 MP: 0/11
    70 | D        | Killed a scorpion
    70 | D        | Reached skill level 8 in Spellcasting
    70 | D        | Reached XP level 4. HP: 27/27 MP: 0/14
    82 | D        | Killed a phantom
    82 | D        | Reached skill level 10 in Spellcasting
    82 | D        | Reached XP level 5. HP: 31/31 MP: 1/17
    91 | D        | Learned a level 2 spell: Swiftness
    96 | D        | Learned a level 4 spell: Airstrike
   102 | D        | Learned a level 5 spell: Lightning Bolt
   102 | D        | Found a roughly hewn altar of Beogh.
   102 | D        | Found a snail-covered altar of Cheibriados.
   102 | D        | Found a shadowy altar of Dithmenos.
   102 | D        | Found a white marble altar of Elyvilon.
   102 | D        | Found a blossoming altar of Fedhas.
   102 | D        | Found an opulent altar of Gozag.
   103 | D        | Found a hazy altar of Hepliaklqana.
   104 | D        | Found a viscous altar of Jiyva.
   105 | D        | Found an ancient bone altar of Kikubaaqudgha.
   106 | D        | Found a corrupted altar of Lugonu.
   107 | D        | Found a burning altar of Makhleb.
   108 | D        | Found a sparkling altar of Nemelex Xobeh.
   109 | D        | Found an iron altar of Okawaru.
   110 | D        | Found a stormy altar of Qazlal.
   111 | D        | Found a sacrificial altar of Ru.
   112 | D        | Found a deep blue altar of Sif Muna.
   113 | D        | Found a bloodstained altar of Trog.
   114 | D        | Found a hide-covered altar of Uskayaw.
   115 | D        | Found a radiant altar of Vehumet.
   116 | D        | Found an ornate altar of the Wu Jian Council.
   117 | D        | Found a shimmering altar of Xom.
   118 | D        | Found a basalt altar of Yredelemnul.
   119 | D        | Found a glowing silver altar of Zin.
   120 | D        | Became a worshipper of Sif Muna the Loreminder
   121 | D        | Found a glowing golden altar of the Shining One.
   173 | D        | Noticed an orc warrior
   173 | D        | Noticed an ice beast
   174 | D        | Reached XP level 6. HP: 36/36 MP: 19/19
   175 | D        | Reached * piety under Sif Muna
   175 | D        | Reached skill level 5 in Air Magic
   201 | D        | Killed an orc warrior
   201 | D        | Reached ** piety under Sif Muna
   201 | D        | Reached skill level 11 in Spellcasting
   206 | D        | Killed an ice beast
   206 | D        | Reached skill level 1 in Invocations
   206 | D        | Reached XP level 7. HP: 38/42 MP: 1/21
   351 | D        | Noticed a yak
   351 | D        | Noticed a soldier ant
   351 | D        | Noticed a tengu warrior
   355 | D        | Reached *** piety under Sif Muna
   366 | D        | Killed a yak
   366 | D        | Killed a soldier ant
   366 | D        | Reached XP level 8. HP: 47/47 MP: 3/23
   499 | D        | Killed a tengu warrior
   499 | D        | Reached **** piety under Sif Muna
   499 | D        | Reached skill level 1 in Fighting
   499 | D        | Reached skill level 12 in Spellcasting
   499 | D        | Reached skill level 10 in Air Magic
   862 | D        | Noticed a spiny frog
   862 | D        | Noticed a spiny frog
   863 | D        | Reached skill level 5 in Dodging
   864 | D        | Reached ***** piety under Sif Muna
   864 | D        | Identified Sif Muna's Handbook of Doomed Beguiling (Sif Muna gifted it to you in the Dungeon)
   864 | D        | Received a gift from Sif Muna
   864 | D        | Reached XP level 9. HP: 54/54 MP: 14/25
   866 | D        | Killed a spiny frog
   866 | D        | Reached skill level 13 in Spellcasting
   866 | D        | Reached skill level 5 in Conjurations
   871 | D        | Killed a spiny frog
   898 | D        | Noticed an eight-headed hydra
   898 | D        | Noticed a seven-headed hydra
   900 | D        | Received a gift from Sif Muna
   900 | D        | Reached skill level 5 in Fighting
   902 | D        | Killed an eight-headed hydra
   902 | D        | Reached XP level 10. HP: 66/68 MP: 5/27
   905 | D        | Killed a seven-headed hydra
   905 | D        | Reached skill level 14 in Spellcasting
   908 | D        | Received a gift from Sif Muna
   914 | D        | Learned a level 3 spell: Mephitic Cloud
   917 | D        | Learned a level 2 spell: Blink
   924 | D        | Learned a level 3 spell: Spectral Weapon
   932 | D        | Noticed an elephant
   932 | D        | Noticed an elephant
   932 | D        | Noticed an elephant
   932 | D        | Noticed an elephant
   932 | D        | Noticed an elephant
   932 | D        | Noticed an elephant
   933 | D        | Noticed an elephant
   949 | D        | Killed an elephant
   949 | D        | Reached skill level 1 in Charms
   949 | D        | Reached skill level 10 in Invocations
   949 | D        | Killed an elephant
   952 | D        | Killed an elephant
   956 | D        | Killed an elephant
   958 | D        | Killed an elephant
   958 | D        | Reached XP level 11. HP: 30/76 MP: 1/29
   958 | D        | Identified Sif Muna's Reference Book on Entrancing Fire (Sif Muna gifted it to you in the Dungeon)
   958 | D        | Received a gift from Sif Muna
  1049 | D        | Noticed Grum
  1055 | D        | Killed Grum
  1109 | D        | Noticed an orc knight
  1121 | D        | Killed an orc knight
  1121 | D        | Reached skill level 15 in Spellcasting
  1128 | D        | Received a gift from Sif Muna
  1159 | D        | Mangled by an orc warrior

Vault maps used:
D:        linesprint

Skill      XL: |  1  2  3  4  5  6  7  8  9 10 11 |
---------------+----------------------------------+-----
Spellcasting   | 4 6 8 10 11 12 13 14 15 | 15.0
Air Magic      | 4 7 9 10 11 12 13 | 13.4
Dodging        | 3 4 5 |  5.2
Conjurations   | 2 3 4 6 7 8 |  8.0
Invocations    | 1 4 6 8 10 11 | 11.7
Fighting       | 2 5 7 8 |  8.5
Charms         | 3 4 |  4.8
Stealth        | |  2.6

Action                   |  1- 3 |  4- 6 |  7- 9 | 10-12 || total
-------------------------+-------+-------+-------+-------++-------
Melee: Dagger            |     3 |    11 |       |       ||    14
       Tentacles         |     2 |     3 |       |       ||     5
       Constrict         |     1 |       |       |       ||     1
       Morningstar       |       |     2 |     1 |       ||     3
 Cast: Shock             |     9 |     3 |       |       ||    12
       Airstrike         |       |     4 |     5 |       ||     9
       Lightning Bolt    |       |     1 |    20 |    34 ||    55
       Swiftness         |       |     1 |     1 |       ||     2
       Mephitic Cloud    |       |       |       |     4 ||     4
       Blink             |       |       |       |     2 ||     2
Invok: Divine Energy     |       |     1 |       |       ||     1
       Channel Magic     |       |       |     4 |     6 ||    10
Evoke: Wand              |       |     2 |       |     1 ||     3
  Use: Potion            |     1 |       |       |       ||     1
       Scroll            |       |       |     1 |       ||     1
  Eat: Chunk             |       |       |     1 |     5 ||     6
Armor: Skin              |       |     2 |     1 |       ||     3
Dodge: Dodged            |     3 |     7 |     6 |     6 ||    22

Table legend:
 A = Non-vault XP
 B = Vault XP
 C = Vault XP percentage of total XP
 D = Non-vault monster count
 E = Vault monster count
 F = Vault count percentage of total count
                 A         B        C        D         E       F
            +---------+---------+-------+---------+---------+-------
      Total |       0 |   12529 | 100.0 |       0 |      68 | 100.0
            +---------+---------+-------+---------+---------+-------
          D |       0 |   12529 | 100.0 |       0 |      68 | 100.0
            +---------+---------+-------+---------+---------+-------
